 Dungeon Crawl Stone Soup version 0.31-a0-1236-gaa9e43cceb (webtiles) character file.

Game seed: 10182710891617942412

23 Amplified the Ruffian (level 2, 0/37 HPs)
             Began as a Minotaur Shapeshifter on Dec 15, 2023.
             Splashed by a jelly's acid (4 damage)
             ... on level 2 of the Dungeon.
             The game lasted 00:02:38 (1172 turns).

Amplified the Ruffian (Minotaur Shapeshifter)       Turns: 1172, Time: 00:02:38

Health: 0/37       AC: 13    Str: 18    XL:     2   Next: 72%
Magic:  1/1        EV:  2    Int:  7    God:
Gold:   54         SH:  0    Dex:  9    Spells: 1/1 levels left

rFire   + . .        h - staff of fire
rCold   . . .        (no shield)
rNeg    . . .        f - melded +0 leather armour
rPois   +            (helmet currently unavailable)
rElec   .            (cloak currently unavailable)
rCorr   .            (gloves currently unavailable)
SInv    .            (boots currently unavailable)
Will    +....        (no amulet)
Stlth   +            (no ring)
HPRegen 0.26/turn    (no ring)
MPRegen 0.07/turn

%: no passive effects
@: tree-form, corroded, enlightened
A: stationary, stasis, torment immunity, boosted hp, (horns 2), (retaliatory
headbutt)
a: no special abilities


You were on level 2 of the Dungeon.
You were a tree.
You visited 1 branch of the dungeon, and saw 2 of its levels.

You collected 54 gold pieces.

Inventory:

Missiles
 g - 3 poisoned darts
Armour
 f - a +0 leather armour (melded)
Magical Staves
 h - a staff of fire (weapon)
Talismans
 c - a beast talisman (active)
 d - a flux talisman
Scrolls
 i - a scroll of identify


   Skills:
 * Level 2.3 Fighting
 * Level 0.9 Staves
 - Level 1.4 Armour
 - Level 2.1 Dodging
 - Level 3.2 Unarmed Combat
 * Level 0.3 Fire Magic
 - Level 2.4 Shapeshifting


You had one spell level left.
You didn't know any spells.
Your spell library contained the following spells:

 Spells                   Type           Power      Damage    Failure   Level
 Sublimation of Blood     Necr           0%         N/A       56%         2
 Wereblood                Tmut           0%         N/A       56%         2
 Summon Hydra             Summ           0%         N/A       100%        7


Dungeon Overview and Level Annotations

Branches:
Dungeon (2/15)

Altars:


Innate Abilities, Weirdness & Mutations

You are a tree.
Your roots penetrate the ground, keeping you stationary.
You cannot be teleported.
You are immune to unholy pain and torment.
Your maximum health is greatly increased.
Your equipment is partially melded.
((You have a pair of horns on your head.))
((You reflexively headbutt those who attack you in melee.))


Message History

The jelly is almost dead.
The jelly hits you. The acid corrodes you!
You are splashed with acid!
Unknown command.
You are too injured to fight recklessly!
Unknown command.
Okay, then.
Your transformation has ended.
You turn into a tree.
Your +0 leather armour melds into your body.
Your roots penetrate the ground.
The jelly barely misses you.
Something hits the toadstool but does no damage.
Unknown command.
Unknown command.
You hit the jelly but do no damage.
Your branches burn!
The jelly is almost dead.
The jelly hits you.
* * * LOW HITPOINT WARNING * * *
You are splashed with acid!
* * * LOW HITPOINT WARNING * * *
Something hits the toadstool.
The toadstool is destroyed!
Unknown command.
Unknown command.
Unknown command.
Okay, then.
It was a potion of enlightenment.
Your roots keep you in place.
The jelly hits you but does no damage.
Unknown command.
It was a potion of magic.
Magic courses through your body. The jelly hits you but does no damage.
You aren't carrying any items that you can evoke.
Unknown command.
Okay, then.
As you read the scroll labelled WALIRE VAOSIQUNAUR, it crumbles to dust.
It is a scroll of identify.
You don't currently have any unidentified items.
The jelly hits you but does no damage.
Unknown command.
You hit the jelly but do no damage.
Your branches burn!
You die...

### #######.##
#####....#.#.#
#####.##.....#.#.#
......'......#'#)#
......'........#.#
...)#.'.)......#.#
....#.##.......#♣#
....#####......##JJ..PPP
....# ######## #......
....# ###### ......
######


You could see a jelly and an endoplasm.

Vanquished Creatures
  An orc (D:2)
  A giant cockroach (D:1)
  A goblin (D:1)
  2 hobgoblins (D:1)
  3 jackals (D:1)
  7 kobolds
  A quokka (D:1)
  A bat (D:1)
  A frilled lizard (D:1)
  A rat (D:1)
19 creatures vanquished.

Notes
Turn   | Place    | Note
-------+----------+-------------------------------------------
     0 | D:1      | Amplified the Minotaur Shapeshifter began the quest for the
                  | Orb.
     0 | D:1      | Reached XP level 1. HP: 16/16 MP: 0/0
   292 | D:1      | Reached skill level 1 in Armour
   320 | D:1      | Reached XP level 2. HP: 21/24 MP: 1/1
  1172 | D:2      | Splashed by a jelly's acid

Illustrated notes

Levels and vault maps discovered:
D:1:      spicycebolla_arrival_clurvy, layout_loops_corners, glass_columns_a
D:2:      cheibrodos_fertilizer, layout_basic, kennysheep_generic_room_2

Skill      XL: |  1 |
---------------+----+-----
Armour         | 1 |  1.4
Fighting       | 2 |  2.3
Staves         | |  0.9
Dodging        | |  2.1
Unarmed Combat | |  3.2
Fire Magic     | |  0.3
Shapeshifting  | |  2.4

Action                     || total
---------------------------++-------
  Melee: Unarmed           ||    19
         Headbutt          ||     5
         Punch             ||     1
         Staff             ||    23
Ability: Begin Untransform ||     1
    Use: Scroll            ||     3
         Potion            ||     3
 Armour: Animal skin       ||     4
         Leather armour    ||    25
         Skin              ||     4
  Dodge: Dodged            ||    19
   Form: Beast             ||     1

Table legend: (Time is in decaauts)
 A = Elapsed time spent in this place.
 B = Non-inter-level travel time spent in this place.
 C = Inter-level travel time spent in this place.
 D = Time resting spent in this place.
 E = Time spent auto-exploring this place.
 F = Levels seen in this place.
 G = Mean time per level.
                   A        B        C        D        E       F      G
               +--------+--------+--------+--------+--------+-----+--------+
         Total |   1174 |   1166 |      8 |     41 |    901 |   2 |  587.0 |
       Dungeon |   1174 |   1166 |      8 |     41 |    901 |   2 |  587.0 |
               +--------+--------+--------+--------+--------+-----+--------+

Top non-repeatable levels by time:
     D:1: 866 daAuts
     D:2: 308 daAuts
